Blue Jackets vs Flyers

Created - Monday, November 17, 2014 at 22:11

Goals
1 2 3 T
Blue Jackets 2 0 0 2
Flyers 0 0 0 0
Shots
1 2 3 T
Blue Jackets 6 6 5 17
Flyers 3 10 9 22

1st period

1. Blue Jackets , Ryan Jones 2 (Anton Stralman, J.T. Brown) at 3:14
2. Blue Jackets , J.T. Brown 2 (Ryan Spooner, Danny DeKeyser) at 8:49

Penalties :
Sergei Gonchar (CLB) for Hooking (Minor) at 9:47, Matt Irwin (PHL) for Interference (Minor) at 11:52, Brad Stuart (CLB) for Roughing (Minor) at 19:16

2nd period

No Goal

Penalties :
Tyler Johnson (CLB) for Roughing (Minor) at 7:34

3rd period

No Goal

Penalties :
Brad Stuart (CLB) for Hooking (Minor) at 3:23, Jimmy Hayes (CLB) for Roughing (Minor) at 10:24, Sergei Gonchar (CLB) for Tripping (Minor) at 16:18

Goalie Stats

Eddie Lack (CLB), 22 saves from 22 shots - (1.000), W, 6-6-0, 60:00 minutes
Devan Dubnyk (PHL), 15 saves from 17 shots - (0.882), L, 0-1-0, 60:00 minutes

Players Stats for Blue Jackets

Player Name              G  A  P  +/- PIM S  H  SB GA TA FO     MP     PP MP  PK MP  
------------------------------------------------------------------------------------
Anton Stralman           0  1  1   1  0   2  0  1  0  0  0/0    21:28   0:00   6:24 
Barret Jackman           0  0  0   0  0   0  2  0  0  0  0/0    21:54   0:50   4:47 
Brad Stuart              0  0  0   1  4   1  2  2  0  0  0/0    22:06   1:09   3:44 
Dainius Zubrus           0  0  0   0  0   0  2  0  0  0  4/9    19:47   1:09   5:43 
Danny DeKeyser           0  1  1   1  0   1  1  1  0  0  0/0    18:58   1:09   3:03 
J.T. Brown               1  1  2   2  0   1  0  0  0  0  1/1    10:14   0:00   0:00 
Jimmy Hayes              0  0  0   0  2   0  0  0  0  0  1/1    13:23   0:50   0:00 
Mike Santorelli          0  0  0   0  0   1  0  0  0  0  2/4    16:18   0:00   5:54 
Nick Schultz             0  0  0   1  0   1  0  0  0  0  0/0    17:34   0:00   2:30 
Patrice Bergeron         0  0  0   0  0   4  1  0  0  0  14/22  19:26   0:50   6:02 
R.J. Umberger            0  0  0   0  0   2  1  0  0  0  0/0    13:30   0:50   0:06 
Raffi Torres             0  0  0   0  0   0  2  0  0  0  0/0    10:24   0:00   0:00 
Ray Whitney              0  0  0   0  0   0  0  0  0  0  0/0    14:04   1:09   0:00 
Ryan Jones               1  0  1   2  0   1  0  0  0  0  1/1    11:24   0:00   1:10 
Ryan Spooner             0  1  1   2  0   1  1  0  0  0  6/12   10:14   0:00   0:00 
Sergei Gonchar           0  0  0   0  4   1  1  0  0  0  0/0    17:45   0:50   3:09 
Steve Downie             0  0  0   0  0   1  0  0  0  0  0/1    10:45   0:00   0:21 
Tyler Johnson            0  0  0   0  2   0  0  0  0  0  8/15   18:46   1:09   4:43 

Players Stats for Flyers

Player Name              G  A  P  +/- PIM S  H  SB GA TA FO     MP     PP MP  PK MP  
------------------------------------------------------------------------------------
Alex Chiasson            0  0  0   0  0   0  1  0  0  0  0/0    11:12   0:02   0:00 
Andrei Markov            0  0  0  -1  0   1  1  0  0  0  0/0    23:51   5:08   1:07 
Brian Boyle              0  0  0  -1  0   0  1  0  0  0  7/13   13:54   0:00   0:55 
Brian Gionta             0  0  0  -1  0   2  0  0  0  0  1/1    19:19   5:34   0:46 
Brooks Orpik             0  0  0  -1  0   1  4  0  0  0  0/0    20:38   6:23   0:46 
Damien Brunner           0  0  0   0  0   0  0  0  0  0  0/0    11:10   0:00   0:00 
David Moss               0  0  0   0  0   1  0  0  0  0  1/8    10:02   0:36   0:56 
Dennis Seidenberg        0  0  0  -1  0   2  6  1  0  0  0/0    25:15   6:46   0:53 
Derek Dorsett            0  0  0   0  0   1  1  0  0  0  0/0     8:52   0:00   0:22 
Kyle Palmieri            0  0  0  -1  0   3  2  0  0  0  0/0    19:48   6:20   0:00 
Loui Eriksson            0  0  0  -1  0   2  0  0  0  0  0/1    19:56   6:20   0:08 
Mathieu Perreault        0  0  0   0  0   0  0  0  0  0  8/16   16:06   4:56   0:00 
Matt Irwin               0  0  0   0  2   2  1  1  0  0  0/0    19:11   5:06   0:00 
Nazem Kadri              0  0  0  -1  0   4  1  0  0  0  12/27  19:48   6:20   0:00 
Nicklas Grossman         0  0  0  -1  0   0  5  0  0  0  0/0    15:40   0:23   0:52 
Ondrej Palat             0  0  0  -1  0   3  1  0  0  0  0/0    19:16   5:34   0:43 
Tyson Strachan           0  0  0   0  0   0  4  0  0  0  0/0    15:24   0:02   0:20 
Zach Boychuk             0  0  0   0  0   0  0  0  0  0  0/0     8:38   0:00   0:08 

3 Stars

1 - Eddie Lack (CLB)
2 - J.T. Brown (CLB)
3 - Ryan Jones (CLB)

Power Play

Blue Jackets - 0 on 1 Attempt(s) - 0.00%
Flyers - 0 on 6 Attempt(s) - 0.00%

Penalty Kill

Blue Jackets - 6 on 6 Attempt(s) - 100.00% - Score 0 goal in Penalty Kill
Flyers - 1 on 1 Attempt(s) - 100.00% - Score 0 goal in Penalty Kill

Official

Referees : Jon Mclsaac and Brent Montsion
Linesman : Steve Miller and Aaron Mills

Game Notes

No Game Note

Finance

Level 1 -- Attendance: 6047 (91.33%) -- Ticket Income $495,854
Level 2 -- Attendance: 5410 (98.06%) -- Ticket Income $259,680
Level 3 -- Attendance: 1589 (72.00%) -- Ticket Income $54,026
Level 4 -- Attendance: 2825 (64.00%) -- Ticket Income $56,500
Luxury Box -- Attendance: 1013 (91.84%) -- Ticket Income $167,145
Game was played at the Wachovia Center
Total Attendance: 16884 (85.01%)
Total Ticket Income: $1,033,205
Other Income: $506,270
Total Income: $1,539,475

Blue Jackets

5 vs 5 Forward 
   Center                   Left Wing                Right Wing               Time % Phy DF OF 
 1 Patrice Bergeron         R.J. Umberger            Jimmy Hayes              30     0   2  3  
 2 Tyler Johnson            Ray Whitney              Dainius Zubrus           28     0   2  3  
 3 Mike Santorelli          Raffi Torres             Steve Downie             22     3   1  1  
 4 Ryan Spooner             Ryan Jones               J.T. Brown               20     1   3  1  

5 vs 5 Defense 
   Defense                  Defense                                           Time % Phy DF OF 
 1 Barret Jackman           Sergei Gonchar                                    30     1   2  2  
 2 Danny DeKeyser           Brad Stuart                                       30     1   2  2  
 3 Anton Stralman           Nick Schultz                                      30     1   2  2  
 4 Barret Jackman           Brad Stuart                                       10     1   2  2  

PowerPlay Forward 
   Center                   Left Wing                Right Wing               Time % Phy DF OF 
 1 Patrice Bergeron         R.J. Umberger            Jimmy Hayes              50     0   1  4  
 2 Tyler Johnson            Ray Whitney              Dainius Zubrus           50     0   1  4  

PowerPlay Defense
   Defense                  Defense                                           Time % Phy DF OF 
 1 Barret Jackman           Sergei Gonchar                                    50     0   2  3  
 2 Danny DeKeyser           Brad Stuart                                       50     0   2  3  

Penalty Kill 4 Players Forward 
   Center                   Wing                     Time % Phy DF OF 
 1 Patrice Bergeron         Tyler Johnson            50     0   4  1  
 2 Dainius Zubrus           Mike Santorelli          50     0   4  1  

Penalty Kill 4 Players Defense
   Defense                  Defense                  Time % Phy DF OF 
 1 Barret Jackman           Sergei Gonchar           50     0   4  1  
 2 Brad Stuart              Anton Stralman           50     0   4  1  

Penalty Kill - 3 Players Forward 
   Forward                                           Time % Phy DF OF 
 1 Patrice Bergeron                                  50     0   4  1  
 2 Dainius Zubrus                                    50     0   5  0  

Penalty Kill - 3 Players Defense
   Defense                  Defense                  Time % Phy DF OF 
 1 Barret Jackman           Sergei Gonchar           50     0   5  0  
 2 Brad Stuart              Anton Stralman           50     0   5  0  

4 vs 4 Forward 
   Center                   Wing                     Time % Phy DF OF 
 1 Patrice Bergeron         Tyler Johnson            50     0   2  3  
 2 Dainius Zubrus           R.J. Umberger            50     0   2  3  

4 vs 4 Defense
   Defense                  Defense                  Time % Phy DF OF 
 1 Barret Jackman           Sergei Gonchar           50     0   3  2  
 2 Danny DeKeyser           Brad Stuart              50     0   3  2  

Last Minutes Offensive
   Center                   Left Wing                Right Wing               Defense                  Defense                  
   Patrice Bergeron         R.J. Umberger            Dainius Zubrus           Barret Jackman           Brad Stuart              

Last Minutes Defensive
   Center                   Left Wing                Right Wing               Defense                  Defense                  
   Patrice Bergeron         R.J. Umberger            Dainius Zubrus           Barret Jackman           Brad Stuart              

Goaltenders
Starting : Eddie Lack               
Backup : Jhonas Enroth            

Extra Forwards
Normal : Dainius Zubrus, Jimmy Hayes, Ryan Jones - PP : Dainius Zubrus, Jimmy Hayes - PK : Ryan Jones
Extra Defensemen
Normal : Anton Stralman, Brad Stuart, Danny DeKeyser - PP : Anton Stralman - PK : Anton Stralman, Danny DeKeyser
Penalty Shots
Patrice Bergeron, Tyler Johnson, Dainius Zubrus, R.J. Umberger, Ray Whitney

Flyers

5 vs 5 Forward 
   Center                   Left Wing                Right Wing               Time % Phy DF OF 
 1 Brian Boyle              Ondrej Palat             Brian Gionta             40     1   3  1  
 2 Nazem Kadri              Loui Eriksson            Kyle Palmieri            30     0   2  3  
 3 Mathieu Perreault        Damien Brunner           Alex Chiasson            20     0   2  3  
 4 David Moss               Zach Boychuk             Derek Dorsett            10     1   2  2  

5 vs 5 Defense 
   Defense                  Defense                                           Time % Phy DF OF 
 1 Andrei Markov            Dennis Seidenberg                                 40     1   3  1  
 2 Brooks Orpik             Nicklas Grossman                                  30     2   2  1  
 3 Matt Irwin               Tyson Strachan                                    20     1   3  1  
 4 Brooks Orpik             Nicklas Grossman                                  10     2   2  1  

PowerPlay Forward 
   Center                   Left Wing                Right Wing               Time % Phy DF OF 
 1 Mathieu Perreault        Ondrej Palat             Brian Gionta             50     0   0  5  
 2 Nazem Kadri              Loui Eriksson            Kyle Palmieri            50     0   0  5  

PowerPlay Defense
   Defense                  Defense                                           Time % Phy DF OF 
 1 Andrei Markov            Matt Irwin                                        50     0   1  4  
 2 Dennis Seidenberg        Brooks Orpik                                      50     0   1  4  

Penalty Kill 4 Players Forward 
   Center                   Wing                     Time % Phy DF OF 
 1 Brian Boyle              Ondrej Palat             50     1   3  1  
 2 David Moss               Brian Gionta             50     0   5  0  

Penalty Kill 4 Players Defense
   Defense                  Defense                  Time % Phy DF OF 
 1 Brooks Orpik             Nicklas Grossman         50     2   3  0  
 2 Dennis Seidenberg        Andrei Markov            50     1   4  0  

Penalty Kill - 3 Players Forward 
   Forward                                           Time % Phy DF OF 
 1 Brian Boyle                                       50     1   4  0  
 2 David Moss                                        50     1   4  0  

Penalty Kill - 3 Players Defense
   Defense                  Defense                  Time % Phy DF OF 
 1 Brooks Orpik             Nicklas Grossman         50     2   3  0  
 2 Andrei Markov            Dennis Seidenberg        50     1   4  0  

4 vs 4 Forward 
   Center                   Wing                     Time % Phy DF OF 
 1 Nazem Kadri              Kyle Palmieri            50     0   2  3  
 2 Mathieu Perreault        Brian Gionta             50     0   2  3  

4 vs 4 Defense
   Defense                  Defense                  Time % Phy DF OF 
 1 Andrei Markov            Matt Irwin               50     0   3  2  
 2 Tyson Strachan           Nicklas Grossman         50     3   1  1  

Last Minutes Offensive
   Center                   Left Wing                Right Wing               Defense                  Defense                  
   Mathieu Perreault        Nazem Kadri              Loui Eriksson            Andrei Markov            Ondrej Palat             

Last Minutes Defensive
   Center                   Left Wing                Right Wing               Defense                  Defense                  
   Brian Boyle              Ondrej Palat             David Moss               Brooks Orpik             Dennis Seidenberg        

Goaltenders
Starting : Devan Dubnyk             
Backup : Jimmy Howard             

Extra Forwards
Normal : Loui Eriksson, Ondrej Palat, Nazem Kadri - PP : Alex Chiasson, Mathieu Perreault - PK : Derek Dorsett
Extra Defensemen
Normal : Brooks Orpik, Tyson Strachan, Dennis Seidenberg - PP : Tyson Strachan - PK : Nicklas Grossman, Dennis Seidenberg
Penalty Shots
Brian Gionta, Kyle Palmieri, Nazem Kadri, Ondrej Palat, Mathieu Perreault

% Time on Ice - Blue Jackets

Lines # - Real PCT - Wanted PCT - Time Play
Normal Forward
1 - 27% - 30% - 12:34
2 - 28% - 28% - 12:55
3 - 23% - 22% - 10:24
4 - 22% - 20% - 10:14
Normal Defense
1 - 30% - 30% - 13:48
2 - 32% - 30% - 14:46
3 - 33% - 30% - 15:04
4 - 5% - 10% - 2:29
PP Forward
1 - 42% - 50% - 0:50
2 - 58% - 50% - 1:09
PP Defense
1 - 42% - 50% - 0:50
2 - 58% - 50% - 1:09
PK Forward
1 - 50% - 50% - 6:00
2 - 50% - 50% - 5:54
PK Defense
1 - 47% - 50% - 5:36
2 - 53% - 50% - 6:18
PK3 Forward
1 - 0% - 50%
2 - 0% - 50%
PK3 Defense
1 - 0% - 50%
2 - 0% - 50%
44 Forward
1 - 0% - 50%
2 - 0% - 50%
44 Defense
1 - 0% - 50%
2 - 0% - 50%
Last Minute Offensive  - 0:00
Last Minute Defensive  - 0:00
Total
Forward - 60:00
Defense - 60:00

% Time on Ice - Flyers

Lines # - Real PCT - Wanted PCT - Time Play
Normal Forward
1 - 28% - 40% - 12:59
2 - 29% - 30% - 13:28
3 - 24% - 20% - 11:10
4 - 18% - 10% - 8:30
Normal Defense
1 - 38% - 40% - 17:36
2 - 28% - 30% - 13:05
3 - 31% - 20% - 14:06
4 - 3% - 10% - 1:20
PP Forward
1 - 47% - 50% - 5:34
2 - 53% - 50% - 6:20
PP Defense
1 - 43% - 50% - 5:08
2 - 57% - 50% - 6:46
PK Forward
1 - 53% - 50% - 1:03
2 - 47% - 50% - 0:56
PK Defense
1 - 39% - 50% - 0:46
2 - 61% - 50% - 1:13
PK3 Forward
1 - 0% - 50%
2 - 0% - 50%
PK3 Defense
1 - 0% - 50%
2 - 0% - 50%
44 Forward
1 - 0% - 50%
2 - 0% - 50%
44 Defense
1 - 0% - 50%
2 - 0% - 50%
Last Minute Offensive  - 0:00
Last Minute Defensive  - 0:00
Total
Forward - 60:00
Defense - 60:00

Play by Play

1st period


0:01 of 1st period - Patrice Bergeron wins face-off versus Brian Boyle in neutral zone.
0:03 of 1st period - Sergei Gonchar is hit by Dennis Seidenberg and loses puck.
0:08 of 1st period - Shot by Patrice Bergeron.
0:08 of 1st period - Shot Misses the Net.
0:10 of 1st period - Shot by Patrice Bergeron.
0:10 of 1st period - Stopped by Devan Dubnyk without a rebound.
0:11 of 1st period - Tyler Johnson wins face-off versus Nazem Kadri in Flyers zone.
0:13 of 1st period - Ray Whitney is hit by Nicklas Grossman and loses puck.
0:19 of 1st period - Off-side.
0:20 of 1st period - Mathieu Perreault wins face-off versus Mike Santorelli in neutral zone.
0:44 of 1st period - Raffi Torres is hit by Tyson Strachan and loses puck.
0:48 of 1st period - Steve Downie is hit by Matt Irwin and loses puck.
1:16 of 1st period - Off-side.
1:17 of 1st period - Nazem Kadri wins face-off versus Tyler Johnson in neutral zone.
1:45 of 1st period - Brooks Orpik is hit by Dainius Zubrus and loses puck.
2:44 of 1st period - Icing by Andrei Markov.
2:45 of 1st period - Brian Boyle wins face-off versus Ryan Spooner in Flyers zone.
3:06 of 1st period - Shot by Ryan Spooner.
3:06 of 1st period - Shot Hit the Post.
3:08 of 1st period - Shot by J.T. Brown.
3:08 of 1st period - Shot Misses the Net.
3:10 of 1st period - Shot by Anton Stralman.
3:10 of 1st period - Shot Misses the Net.
3:12 of 1st period - Shot by Anton Stralman.
3:12 of 1st period - Stopped by Devan Dubnyk with a rebound.
3:14 of 1st period - Shot by Ryan Jones.
3:14 of 1st period - Goal by Ryan Jones - Blue Jackets : 1 - Flyers : 0.
3:15 of 1st period - Tyler Johnson wins face-off versus David Moss in neutral zone.
4:24 of 1st period - Shot by Steve Downie.
4:24 of 1st period - Stopped by Devan Dubnyk without a rebound.
4:25 of 1st period - Patrice Bergeron wins face-off versus Mathieu Perreault in Flyers zone.
4:55 of 1st period - R.J. Umberger is hit by Dennis Seidenberg and loses puck.
5:07 of 1st period - Icing by Dennis Seidenberg.
5:08 of 1st period - Mathieu Perreault wins face-off versus Ryan Spooner in Flyers zone.
5:42 of 1st period - Icing by Brad Stuart.
5:43 of 1st period - Ryan Spooner wins face-off versus Nazem Kadri in Blue Jackets zone.
7:43 of 1st period - Shot by Ondrej Palat.
7:43 of 1st period - Shot Blocked by Brad Stuart.
8:31 of 1st period - Off-side.
8:32 of 1st period - J.T. Brown wins face-off versus Nazem Kadri in neutral zone.
8:49 of 1st period - Shot by J.T. Brown.
8:49 of 1st period - Goal by J.T. Brown - Blue Jackets : 2 - Flyers : 0.
8:50 of 1st period - Patrice Bergeron wins face-off versus David Moss in neutral zone.
9:47 of 1st period - Minor Penalty to Sergei Gonchar for Hooking.
9:48 of 1st period - Dainius Zubrus wins face-off versus Nazem Kadri in Blue Jackets zone.
10:06 of 1st period - Icing by Loui Eriksson.
10:07 of 1st period - Nazem Kadri wins face-off versus Dainius Zubrus in Flyers zone.
10:12 of 1st period - Dainius Zubrus is hit by Kyle Palmieri.
10:48 of 1st period - Shot by Dennis Seidenberg.
10:48 of 1st period - Stopped by Eddie Lack without a rebound.
10:49 of 1st period - Patrice Bergeron wins face-off versus Mathieu Perreault in Blue Jackets zone.
11:16 of 1st period - Shot by Ondrej Palat.
11:16 of 1st period - Shot Misses the Net.
11:23 of 1st period - Icing by Brooks Orpik.
11:24 of 1st period - Patrice Bergeron wins face-off versus Mathieu Perreault in Flyers zone.
11:52 of 1st period - Minor Penalty to Matt Irwin for Interference.
11:53 of 1st period - Tyler Johnson wins face-off versus David Moss in Flyers zone.
12:20 of 1st period - Shot by Tyler Johnson.
12:20 of 1st period - Shot Misses the Net.
13:05 of 1st period - Shot by Brian Gionta.
13:05 of 1st period - Shot Misses the Net.
14:12 of 1st period - Anton Stralman is hit by Alex Chiasson and loses puck.
14:49 of 1st period - Shot by Nazem Kadri.
14:49 of 1st period - Shot Misses the Net.
14:51 of 1st period - Shot by Brooks Orpik.
14:51 of 1st period - Stopped by Eddie Lack without a rebound.
14:52 of 1st period - David Moss wins face-off versus Ryan Spooner in Blue Jackets zone.
15:38 of 1st period - Off-side.
15:39 of 1st period - Nazem Kadri wins face-off versus Tyler Johnson in neutral zone.
16:17 of 1st period - Icing by Danny DeKeyser.
16:18 of 1st period - Brian Boyle wins face-off versus Tyler Johnson in Blue Jackets zone.
16:44 of 1st period - R.J. Umberger is hit by Dennis Seidenberg.
17:03 of 1st period - Icing by Nick Schultz.
17:04 of 1st period - Mathieu Perreault wins face-off versus Patrice Bergeron in Blue Jackets zone.
17:05 of 1st period - Shot by Damien Brunner.
17:05 of 1st period - Shot Misses the Net.
17:19 of 1st period - Shot by Patrice Bergeron.
17:19 of 1st period - Stopped by Devan Dubnyk without a rebound.
17:20 of 1st period - Ryan Spooner wins face-off versus Nazem Kadri in Flyers zone.
17:20 of 1st period - Ryan Spooner is hit by Brooks Orpik.
17:52 of 1st period - Ryan Spooner is hit by Nicklas Grossman and loses puck.
18:16 of 1st period - Andrei Markov is hit by Ryan Spooner and loses puck.
18:51 of 1st period - Icing by Brad Stuart.
18:52 of 1st period - Tyler Johnson wins face-off versus Brian Boyle in Blue Jackets zone.
18:52 of 1st period - Tyler Johnson is hit by Brian Boyle.
19:05 of 1st period - Ray Whitney is hit by Tyson Strachan and loses puck.
19:11 of 1st period - Brian Gionta is hit by Danny DeKeyser.
19:14 of 1st period - Ondrej Palat is hit by Brad Stuart and loses puck.
19:16 of 1st period - Minor Penalty to Brad Stuart for Roughing.
19:17 of 1st period - Patrice Bergeron wins face-off versus Nazem Kadri in Blue Jackets zone.
19:28 of 1st period - Shot by Dennis Seidenberg.
19:28 of 1st period - Shot Blocked by Anton Stralman.
19:50 of 1st period - Shot by Loui Eriksson.
19:50 of 1st period - Stopped by Eddie Lack without a rebound.
19:51 of 1st period - Patrice Bergeron wins face-off versus Mathieu Perreault in Blue Jackets zone.
Goals for this period are 2 for Blue Jackets vs 0 for Flyers.
Shots for this period are 6 for Blue Jackets vs 3 for Flyers.

2nd period


0:01 of 2nd period - Mathieu Perreault wins face-off versus Patrice Bergeron in neutral zone.
0:53 of 2nd period - Anton Stralman is hit by Nazem Kadri and loses puck.
1:04 of 2nd period - Shot by Kyle Palmieri.
1:04 of 2nd period - Stopped by Eddie Lack with a rebound.
1:23 of 2nd period - Icing by Brad Stuart.
1:24 of 2nd period - Ryan Spooner wins face-off versus David Moss in Blue Jackets zone.
2:49 of 2nd period - Icing by Ondrej Palat.
2:50 of 2nd period - Patrice Bergeron wins face-off versus Brian Boyle in Flyers zone.
2:50 of 2nd period - Patrice Bergeron is hit by Tyson Strachan.
2:54 of 2nd period - Shot by R.J. Umberger.
2:54 of 2nd period - Stopped by Devan Dubnyk with a rebound.
2:56 of 2nd period - Shot by R.J. Umberger.
2:56 of 2nd period - Stopped by Devan Dubnyk with a rebound.
2:58 of 2nd period - Shot by Danny DeKeyser.
2:58 of 2nd period - Stopped by Devan Dubnyk without a rebound.
2:59 of 2nd period - Tyler Johnson wins face-off versus Nazem Kadri in Flyers zone.
3:17 of 2nd period - Icing by Nicklas Grossman.
3:18 of 2nd period - Patrice Bergeron wins face-off versus Nazem Kadri in Flyers zone.
3:18 of 2nd period - Patrice Bergeron is hit by Brooks Orpik.
3:40 of 2nd period - Patrice Bergeron is hit by Nicklas Grossman and loses puck.
4:42 of 2nd period - Shot by David Moss.
4:42 of 2nd period - Stopped by Eddie Lack without a rebound.
4:43 of 2nd period - Brian Boyle wins face-off versus Tyler Johnson in Blue Jackets zone.
4:47 of 2nd period - Ondrej Palat is hit by Sergei Gonchar and loses puck.
5:15 of 2nd period - Brian Gionta is hit by Dainius Zubrus and loses puck.
5:57 of 2nd period - Shot by Kyle Palmieri.
5:57 of 2nd period - Stopped by Eddie Lack without a rebound.
5:58 of 2nd period - Nazem Kadri wins face-off versus Ryan Spooner in Blue Jackets zone.
6:15 of 2nd period - Shot by Nazem Kadri.
6:15 of 2nd period - Stopped by Eddie Lack with a rebound.
6:17 of 2nd period - Shot by Nazem Kadri.
6:17 of 2nd period - Stopped by Eddie Lack without a rebound.
6:18 of 2nd period - Mathieu Perreault wins face-off versus Steve Downie in Blue Jackets zone.
7:34 of 2nd period - Minor Penalty to Tyler Johnson for Roughing.
7:35 of 2nd period - Dainius Zubrus wins face-off versus Mathieu Perreault in Blue Jackets zone.
7:45 of 2nd period - Icing by Ondrej Palat.
7:46 of 2nd period - Dainius Zubrus wins face-off versus Mathieu Perreault in Flyers zone.
7:47 of 2nd period - Shot by Mike Santorelli.
7:47 of 2nd period - Shot Misses the Net.
7:49 of 2nd period - Shot by Brad Stuart.
7:49 of 2nd period - Shot Misses the Net.
7:53 of 2nd period - Shot by Dainius Zubrus.
7:53 of 2nd period - Shot Misses the Net.
7:55 of 2nd period - Shot by Anton Stralman.
7:55 of 2nd period - Shot Misses the Net.
7:57 of 2nd period - Shot by Dainius Zubrus.
7:57 of 2nd period - Shot Misses the Net.
7:59 of 2nd period - Shot by Brad Stuart.
7:59 of 2nd period - Stopped by Devan Dubnyk without a rebound.
8:00 of 2nd period - Ryan Jones wins face-off versus Nazem Kadri in Flyers zone.
8:01 of 2nd period - Shot by Patrice Bergeron.
8:01 of 2nd period - Shot Misses the Net.
8:23 of 2nd period - Shot by Loui Eriksson.
8:23 of 2nd period - Shot Misses the Net.
8:25 of 2nd period - Shot by Dennis Seidenberg.
8:25 of 2nd period - Deflect By Nazem Kadri.
8:25 of 2nd period - Shot Misses the Net.
8:27 of 2nd period - Shot by Dennis Seidenberg.
8:27 of 2nd period - Stopped by Eddie Lack with a rebound.
8:55 of 2nd period - Off-side.
8:56 of 2nd period - Mathieu Perreault wins face-off versus Dainius Zubrus in neutral zone.
9:57 of 2nd period - Ryan Spooner is hit by Nicklas Grossman and loses puck.
10:01 of 2nd period - Ryan Jones is hit by Brooks Orpik and loses puck.
10:14 of 2nd period - David Moss is hit by R.J. Umberger and loses puck.
10:25 of 2nd period - Brooks Orpik is hit by Patrice Bergeron and loses puck.
10:35 of 2nd period - R.J. Umberger is hit by Nicklas Grossman and loses puck.
11:02 of 2nd period - Shot by Brian Gionta.
11:02 of 2nd period - Shot Misses the Net.
11:04 of 2nd period - Shot by Andrei Markov.
11:04 of 2nd period - Shot Misses the Net.
11:20 of 2nd period - Shot by Brian Gionta.
11:20 of 2nd period - Stopped by Eddie Lack without a rebound.
11:21 of 2nd period - Mike Santorelli wins face-off versus Nazem Kadri in Blue Jackets zone.
11:28 of 2nd period - Loui Eriksson is hit by Raffi Torres and loses puck.
12:51 of 2nd period - Icing by Andrei Markov.
12:52 of 2nd period - Patrice Bergeron wins face-off versus Brian Boyle in Flyers zone.
12:52 of 2nd period - Danny DeKeyser is hit by Dennis Seidenberg and loses puck.
13:01 of 2nd period - Icing by R.J. Umberger.
13:02 of 2nd period - Patrice Bergeron wins face-off versus Mathieu Perreault in Blue Jackets zone.
13:29 of 2nd period - Shot by Damien Brunner.
13:29 of 2nd period - Shot Blocked by Danny DeKeyser.
13:31 of 2nd period - Shot by Andrei Markov.
13:31 of 2nd period - Shot Misses the Net.
13:33 of 2nd period - Shot by Andrei Markov.
13:33 of 2nd period - Shot Blocked by Brad Stuart.
13:55 of 2nd period - Shot by Derek Dorsett.
13:55 of 2nd period - Stopped by Eddie Lack without a rebound.
13:56 of 2nd period - Brian Boyle wins face-off versus Tyler Johnson in Blue Jackets zone.
13:56 of 2nd period - Ondrej Palat is hit by Barret Jackman and loses puck.
14:03 of 2nd period - Shot by Ondrej Palat.
14:03 of 2nd period - Stopped by Eddie Lack with a rebound.
14:26 of 2nd period - Brian Gionta is hit by Barret Jackman and loses puck.
14:39 of 2nd period - Shot by Loui Eriksson.
14:39 of 2nd period - Stopped by Eddie Lack without a rebound.
14:40 of 2nd period - Ryan Spooner wins face-off versus Nazem Kadri in Blue Jackets zone.
14:40 of 2nd period - Ryan Spooner is hit by Kyle Palmieri.
17:05 of 2nd period - Off-side.
17:06 of 2nd period - Tyler Johnson wins face-off versus David Moss in neutral zone.
18:43 of 2nd period - Shot by Ryan Jones.
18:43 of 2nd period - Shot Blocked by Dennis Seidenberg.
19:32 of 2nd period - Shot by Patrice Bergeron.
19:32 of 2nd period - Stopped by Devan Dubnyk with a rebound.
19:34 of 2nd period - Shot by Anton Stralman.
19:34 of 2nd period - Stopped by Devan Dubnyk with a rebound.
Goals for this period are 0 for Blue Jackets vs 0 for Flyers.
Shots for this period are 6 for Blue Jackets vs 10 for Flyers.

3rd period


0:01 of 3rd period - Jimmy Hayes wins face-off versus Brian Boyle in neutral zone.
0:06 of 3rd period - Shot by Patrice Bergeron.
0:06 of 3rd period - Stopped by Devan Dubnyk without a rebound.
0:07 of 3rd period - Brian Gionta wins face-off versus Tyler Johnson in Flyers zone.
2:13 of 3rd period - Shot by R.J. Umberger.
2:13 of 3rd period - Shot Misses the Net.
2:20 of 3rd period - Patrice Bergeron is hit by Tyson Strachan and loses puck.
2:33 of 3rd period - Shot by Ryan Spooner.
2:33 of 3rd period - Shot Misses the Net.
3:06 of 3rd period - Off-side.
3:07 of 3rd period - Mike Santorelli wins face-off versus Brian Boyle in neutral zone.
3:17 of 3rd period - Raffi Torres is hit by Brooks Orpik and loses puck.
3:23 of 3rd period - Minor Penalty to Brad Stuart for Hooking.
3:24 of 3rd period - Nazem Kadri wins face-off versus Patrice Bergeron in Blue Jackets zone.
3:35 of 3rd period - Shot by Loui Eriksson.
3:35 of 3rd period - Deflect By Nazem Kadri.
3:35 of 3rd period - Shot Misses the Net.
3:37 of 3rd period - Shot by Brooks Orpik.
3:37 of 3rd period - Shot Misses the Net.
3:49 of 3rd period - Shot by Loui Eriksson.
3:49 of 3rd period - Deflect By Kyle Palmieri.
3:49 of 3rd period - Stopped by Eddie Lack without a rebound.
3:50 of 3rd period - Dainius Zubrus wins face-off versus Nazem Kadri in Blue Jackets zone.
4:13 of 3rd period - Shot by Kyle Palmieri.
4:13 of 3rd period - Shot Misses the Net.
5:27 of 3rd period - Shot by Mathieu Perreault.
5:27 of 3rd period - Shot Misses the Net.
5:41 of 3rd period - Shot by David Moss.
5:41 of 3rd period - Shot Misses the Net.
5:52 of 3rd period - Icing by Brad Stuart.
5:53 of 3rd period - Ryan Spooner wins face-off versus Nazem Kadri in Blue Jackets zone.
6:18 of 3rd period - Shot by Andrei Markov.
6:18 of 3rd period - Stopped by Eddie Lack without a rebound.
6:19 of 3rd period - Tyler Johnson wins face-off versus Mathieu Perreault in Blue Jackets zone.
7:49 of 3rd period - R.J. Umberger is hit by Ondrej Palat and loses puck.
7:58 of 3rd period - Shot by Ondrej Palat.
7:58 of 3rd period - Stopped by Eddie Lack without a rebound.
7:59 of 3rd period - Nazem Kadri wins face-off versus Mike Santorelli in Blue Jackets zone.
8:48 of 3rd period - Brooks Orpik is hit by Raffi Torres and loses puck.
9:37 of 3rd period - Icing by Dainius Zubrus.
9:38 of 3rd period - Tyler Johnson wins face-off versus David Moss in Blue Jackets zone.
9:48 of 3rd period - Dainius Zubrus is hit by Dennis Seidenberg and loses puck.
10:10 of 3rd period - Ryan Jones is hit by Dennis Seidenberg and loses puck.
10:19 of 3rd period - Shot by Ryan Spooner.
10:19 of 3rd period - Stopped by Devan Dubnyk without a rebound.
10:20 of 3rd period - Nazem Kadri wins face-off versus Patrice Bergeron in Flyers zone.
10:24 of 3rd period - Minor Penalty to Jimmy Hayes for Roughing.
10:25 of 3rd period - Nazem Kadri wins face-off versus Patrice Bergeron in Blue Jackets zone.
11:19 of 3rd period - Shot by Matt Irwin.
11:19 of 3rd period - Stopped by Eddie Lack without a rebound.
11:20 of 3rd period - Mathieu Perreault wins face-off versus Patrice Bergeron in Blue Jackets zone.
11:35 of 3rd period - Shot by Ondrej Palat.
11:35 of 3rd period - Shot Misses the Net.
11:37 of 3rd period - Shot by Matt Irwin.
11:37 of 3rd period - Shot Misses the Net.
11:39 of 3rd period - Shot by Matt Irwin.
11:39 of 3rd period - Shot Misses the Net.
11:41 of 3rd period - Shot by Matt Irwin.
11:41 of 3rd period - Stopped by Eddie Lack without a rebound.
11:42 of 3rd period - Mathieu Perreault wins face-off versus Dainius Zubrus in Blue Jackets zone.
12:03 of 3rd period - Shot by Mathieu Perreault.
12:03 of 3rd period - Deflect By Ondrej Palat.
12:03 of 3rd period - Stopped by Eddie Lack without a rebound.
12:04 of 3rd period - Patrice Bergeron wins face-off versus Loui Eriksson in Blue Jackets zone.
12:20 of 3rd period - Icing by Loui Eriksson.
12:21 of 3rd period - Nazem Kadri wins face-off versus Dainius Zubrus in Flyers zone.
12:29 of 3rd period - Icing by Ryan Jones.
12:30 of 3rd period - Brian Boyle wins face-off versus Ryan Spooner in Blue Jackets zone.
12:54 of 3rd period - Shot by Ryan Jones.
12:54 of 3rd period - Shot Misses the Net.
12:56 of 3rd period - Shot by Nick Schultz.
12:56 of 3rd period - Stopped by Devan Dubnyk without a rebound.
12:57 of 3rd period - Nazem Kadri wins face-off versus Patrice Bergeron in Flyers zone.
13:21 of 3rd period - Patrice Bergeron is hit by Andrei Markov and loses puck.
13:57 of 3rd period - Shot by Tyler Johnson.
13:57 of 3rd period - Shot Misses the Net.
13:59 of 3rd period - Shot by Tyler Johnson.
13:59 of 3rd period - Shot Blocked by Matt Irwin.
14:01 of 3rd period - Shot by Sergei Gonchar.
14:01 of 3rd period - Stopped by Devan Dubnyk with a rebound.
14:44 of 3rd period - Shot by Anton Stralman.
14:44 of 3rd period - Shot Misses the Net.
14:50 of 3rd period - Shot by Mike Santorelli.
14:50 of 3rd period - Stopped by Devan Dubnyk with a rebound.
15:26 of 3rd period - Off-side.
15:27 of 3rd period - Brian Boyle wins face-off versus Ryan Spooner in neutral zone.
15:53 of 3rd period - Icing by Brad Stuart.
15:54 of 3rd period - Ryan Spooner wins face-off versus Nazem Kadri in Blue Jackets zone.
16:07 of 3rd period - Shot by Nazem Kadri.
16:07 of 3rd period - Stopped by Eddie Lack without a rebound.
16:08 of 3rd period - Patrice Bergeron wins face-off versus David Moss in Blue Jackets zone.
16:12 of 3rd period - Barret Jackman is hit by Derek Dorsett and loses puck.
16:18 of 3rd period - Minor Penalty to Sergei Gonchar for Tripping.
16:19 of 3rd period - Nazem Kadri wins face-off versus Dainius Zubrus in Blue Jackets zone.
16:56 of 3rd period - Shot by Loui Eriksson.
16:56 of 3rd period - Deflect By Nazem Kadri.
16:56 of 3rd period - Stopped by Eddie Lack with a rebound.
17:53 of 3rd period - Icing by Brooks Orpik.
17:54 of 3rd period - Patrice Bergeron wins face-off versus Nazem Kadri in Flyers zone.
18:33 of 3rd period - Shot by Ryan Spooner.
18:33 of 3rd period - Shot Misses the Net.
19:09 of 3rd period - David Moss is hit by Brad Stuart and loses puck.
19:13 of 3rd period - Icing by Brad Stuart.
19:14 of 3rd period - Brian Boyle wins face-off versus Patrice Bergeron in Blue Jackets zone.
19:31 of 3rd period - Shot by Brian Gionta.
19:31 of 3rd period - Shot Misses the Net.
19:37 of 3rd period - Shot by Ondrej Palat.
19:37 of 3rd period - Deflect By Brian Gionta.
19:37 of 3rd period - Stopped by Eddie Lack without a rebound.
19:38 of 3rd period - Nazem Kadri wins face-off versus Tyler Johnson in Blue Jackets zone.
19:45 of 3rd period - Shot by Nazem Kadri.
19:45 of 3rd period - Shot Misses the Net.
Goals for this period are 0 for Blue Jackets vs 0 for Flyers.
Shots for this period are 5 for Blue Jackets vs 9 for Flyers.


Output by the SimonT Hockey Simulator (STHS) for Drew Barclay -- Original Page W3C XHTML 1.0 Valid
Hockey Simulator - Hockey Simulation - Hockey Manager